 Dungeon Crawl Stone Soup version 0.29.0-4-gdea44cf6ec (webtiles) character file.

Game seed: 10668105104679069221

100 qw the Chopper (level 4, -7/26 HPs)
             Began as a Tengu Warper on Aug 28, 2022.
             Mangled by a gnoll
             ... wielding a +0 halberd
              (14 damage)
             ... on level 3 of the Dungeon.
             The game lasted 00:00:12 (2763 turns).

qw the Chopper (Tengu Warper)                       Turns: 2763, Time: 00:00:13

Health: -7/26      AC:  8    Str: 13    XL:     4   Next: 74%
Magic:  8/8        EV: 11    Int: 13    God:
Gold:   43         SH:  0    Dex: 14    Spells: 7/7 levels left

rFire   . . .      SeeInvis .   Y - +1 hand axe (flame)
rCold   . . .      Faith    .   (no shield)
rNeg    + . .      Spirit   .   b - +3 ring mail
rPois   .          Reflect  .   (helmet restricted)
rElec   .          Harm     .   (no cloak)
rCorr   .          Rampage  .   (no gloves)
Will    .....                   (boots unavailable)
Stlth   +.........              (no amulet)
HPRegen 0.08/turn               c - ring of positive energy
MPRegen 0.11/turn               (no ring)

@: no status effects
A: beak, talons 3
a: no special abilities


You were on level 3 of the Dungeon.
You visited 1 branch of the dungeon, and saw 3 of its levels.

You collected 43 gold pieces.


Innate Abilities, Weirdness & Mutations

You have a beak for a mouth.
You have claws for feet.


   Skills:
 - Level 2.0 Fighting
 + Level 5.3 Axes
 - Level 1.0 Throwing
 - Level 1.1 Armour
 - Level 2.1 Dodging
 - Level 2.0 Spellcasting
 - Level 2.4 Translocations


You had 7 spell levels left.
You didn't know any spells.
Your spell library contained the following spells:

 Spells                   Type           Power      Damage    Failure   Level
 Blink                    Tloc           14%        N/A       30%         2
 Gell's Gravitas          Tloc           7%         N/A       52%         3
 Lesser Beckoning         Tloc           7%         N/A       52%         3
 Teleport Other           Tloc           7%         N/A       52%         3
 Manifold Assault         Tloc           7%         N/A       99%         5

Inventory:

Hand Weapons
 Y - a +1 hand axe of flaming (weapon)
Armour
 b - a +3 ring mail (worn)
Jewellery
 c - a ring of positive energy (left hand)
Scrolls
 g - 2 scrolls of teleportation {unknown}
 h - a scroll of amnesia {unknown}
Potions
 a - 2 potions of haste
 d - a potion of brilliance {unknown}
 e - a potion of lignification {unknown}
 f - a potion of heal wounds {unknown}
 i - a potion of might {unknown}
 j - a potion of mutation {unknown}

Dungeon Overview and Level Annotations

Branches:
Dungeon (3/15)

Altars:


Message History

Your Axes skill increases to level 5!
Found an escape hatch in the ceiling.
Found a stone staircase leading up.
The gnoll hits you but does no damage.
The gnoll hits you from afar with a +0 halberd.
Things that are here:
a +0 spear; a gnoll corpse
Enter note:
Enter note: You closely miss the gnoll.
You claw the gnoll!
The gnoll is severely wounded.
The gnoll hits you with a +0 spear. The gnoll barely misses you.
You hit the gnoll. You burn the gnoll.
The gnoll is severely wounded.
The gnoll barely misses you. The gnoll closely misses you.
You hit the gnoll. You burn the gnoll.
You kill the gnoll!
The gnoll barely misses you.
You hit the gnoll but do no damage. You claw the gnoll. You peck the gnoll.
The gnoll is heavily wounded.
The gnoll hits you with a +0 club. The gnoll closely misses you.
You hit the gnoll. You burn the gnoll.
The gnoll is almost dead.
The gnoll hits you with a +0 club. The gnoll completely misses you.
You barely miss the gnoll.
The gnoll is almost dead.
The gnoll closely misses you. The gnoll hits you but does no damage.
You slash the gnoll! You burn the gnoll.
You kill the gnoll!
The gnoll closely misses you.
You hit the hobgoblin. You burn the hobgoblin.
You kill the hobgoblin!
The gnoll hits you but does no damage. The gnoll barely misses you.
Items here: $ % )).
You closely miss the gnoll. You claw the gnoll.
The gnoll is moderately wounded.
You hit the rat but do no damage. The gnoll hits you with a +0 halberd!
Ouch! That really hurt!
You die...

#.# #.. #.# ##..
####.#####...
##.##....)..#. #
###>.##.....###.
#.###..(........# #.
##.##...............#
#.
......##)..###...<..#
.. #.....g@##.#
##.........
..}...r..###
#..##.###.
..........# #..##.#
....}.....# #..# .#
.<.....<..# .... .#
....}.....# ....
..........#
..}...}..##


You could see a gnoll and a rat.

Vanquished Creatures
  3 gnolls (D:3)
  An adder (D:3)
  A worm (D:3)
  2 dart slugs
  An orc (D:3)
  2 ball pythons (D:1)
  3 bats
  8 endoplasms
  2 giant cockroaches
  7 goblins
  4 hobgoblins
  3 quokkas
  3 frilled lizards
  6 kobolds
  7 rats
53 creatures vanquished.

Notes
Turn   | Place    | Note
-------+----------+-------------------------------------------
     0 | D:1      | qw the Tengu Warper began the quest for the Orb.
     0 | D:1      | Reached XP level 1. HP: 12/12 MP: 4/4
     0 | D:1      | 0 ||| qw: Version: 0.1-a-89-g26bdef1
     0 | D:1      | 0 ||| qw: Game counter: 3070
     0 | D:1      | 0 ||| qw: Always use a shield: true
     0 | D:1      | 0 ||| qw: God list: Okawaru
     0 | D:1      | 0 ||| qw: Allow faded altars: false
     0 | D:1      | 0 ||| qw: Do Orc after D:15 true
     0 | D:1      | 0 ||| qw: Do second Lair branch before Depths: true
     0 | D:1      | 0 ||| qw: Lair rune preference: random
     0 | D:1      | 0 ||| qw: Plans: Normal
     0 | D:1      | 0 ||| PLANNING D:1-11
    73 | D:1      | HP: 3/12 [goblin/+0 club (4)]
   315 | D:1      | 315 ||| Stepping ~*~*~tactically~*~*~ (hiding).
   417 | D:1      | 417 ||| Stepping ~*~*~tactically~*~*~ (hiding).
   427 | D:1      | Reached skill level 3 in Axes
   427 | D:1      | Reached XP level 2. HP: 14/17 MP: 6/6
   501 | D:1      | 501 ||| Stepping ~*~*~tactically~*~*~ (stealth).
  1140 | D:1      | Reached XP level 3. HP: 21/21 MP: 7/7
  1175 | D:1      | 1175 ||| Stepping ~*~*~tactically~*~*~ (stealth).
  1179 | D:1      | 1179 ||| DROPPING +0 club.
  1198 | D:1      | 1198 ||| Stepping ~*~*~tactically~*~*~ (stealth).
  1200 | D:1      | 1200 ||| Stepping ~*~*~tactically~*~*~ (stealth).
  1202 | D:1      | 1202 ||| Stepping ~*~*~tactically~*~*~ (stealth).
  1213 | D:1      | 1213 ||| Stepping ~*~*~tactically~*~*~ (stealth).
  1217 | D:1      | 1217 ||| Stepping ~*~*~tactically~*~*~ (stealth).
  1304 | D:1      | Reached skill level 4 in Axes
  1315 | D:1      | 1315 ||| UPGRADING to +0 ring mail.
  1325 | D:1      | 1325 ||| DROPPING +0 leather armour.
  1326 | D:1      | 1326 ||| DROPPING ring of flight.
  1327 | D:1      | 1327 ||| READING scroll labelled XAAG WUSYILE.
  1328 | D:1      | 1328 ||| READING scroll labelled DATANI ONASO.
  1329 | D:1      | 1329 ||| DROPPING +0 whip.
  1330 | D:1      | 1330 ||| READING scroll labelled KIAQO TO WUJ.
  1331 | D:1      | 1331 ||| READING scroll labelled XERIC CUDIAQ.
  1332 | D:1      | 1332 ||| DROPPING scroll of blinking.
  1391 | D:2      | 1391 ||| Stepping ~*~*~tactically~*~*~ (stealth).
  2029 | D:2      | 2029 ||| UPGRADING to +3 ring mail.
  2039 | D:2      | 2039 ||| DROPPING +0 ring mail.
  2040 | D:2      | 2040 ||| UPGRADING to ring of positive energy.
  2041 | D:2      | 2041 ||| DRINKING 2 fizzy yellow potions.
  2152 | D:3      | 2152 ||| Stepping ~*~*~tactically~*~*~ (hiding).
  2465 | D:3      | 2465 ||| FLEEEEING.
  2479 | D:3      | 2479 ||| Stepping ~*~*~tactically~*~*~ (stealth).
  2483 | D:3      | Reached XP level 4. HP: 18/26 MP: 8/8
  2582 | D:3      | 2582 ||| Stepping ~*~*~tactically~*~*~ (stealth).
  2631 | D:3      | 2631 ||| Stepping ~*~*~tactically~*~*~ (hiding).
  2639 | D:3      | 2639 ||| FLEEEEING.
  2640 | D:3      | 2640 ||| FLEEEEING.
  2641 | D:3      | 2641 ||| FLEEEEING.
  2642 | D:3      | 2642 ||| FLEEEEING.
  2643 | D:3      | 2643 ||| FLEEEEING.
  2644 | D:3      | 2644 ||| FLEEEEING.
  2645 | D:3      | 2645 ||| FLEEEEING.
  2646 | D:3      | 2646 ||| FLEEEEING.
  2647 | D:3      | 2647 ||| FLEEEEING.
  2648 | D:3      | 2648 ||| FLEEEEING.
  2649 | D:3      | 2649 ||| FLEEEEING.
  2744 | D:3      | 2744 ||| Stepping ~*~*~tactically~*~*~ (hiding).
  2748 | D:3      | 2748 ||| Stepping ~*~*~tactically~*~*~ (hiding).
  2753 | D:3      | Reached skill level 5 in Axes
  2758 | D:3      | HP: 6/26 [gnoll/+0 club (6)]
  2763 | D:3      | Mangled by a gnoll

Levels and vault maps discovered:
D:1:      heliophobic_arrival_battle_scene, layout_loops_ring
D:2:      layout_loops_ring
D:3:      minmay_razor_zed, layout_loops_corners, kennysheep_orc_sif_temple,
          kennysheep_slug_shrine, serial_shops, nicolae_shop_trees,
          shapermc_ecumenical_altar_gd, grunt_ministairs_10,
          hangedman_decor_push, palyth_stone_intersect

Skill      XL: |  1  2  3  4 |
---------------+-------------+-----
Axes           | 3 4 5 |  5.3
Fighting       | |  2.0
Throwing       | |  1.0
Armour         | |  1.1
Dodging        | |  2.1
Spellcasting   | |  2.0
Translocations | |  2.4

Action                   |  1- 3 |  4- 6 || total
-------------------------+-------+-------++-------
Melee: Hand axe          |    77 |    20 ||    97
       Peck              |     7 |     3 ||    10
       Kick              |    15 |     7 ||    22
Throw: Boomerang         |     7 |       ||     7
  Use: Scroll            |     4 |       ||     4
       Potion            |     1 |       ||     1
Armor: Leather armour    |    11 |       ||    11
       Ring mail         |     2 |     7 ||     9
Dodge: Dodged            |    25 |    13 ||    38

Table legend:
 A = Non-vault XP
 B = Vault XP
 C = Vault XP percentage of total XP
 D = Non-vault monster count
 E = Vault monster count
 F = Vault count percentage of total count
                 A         B        C        D         E       F
            +---------+---------+-------+---------+---------+-------
      Total |      71 |      73 |  50.7 |      40 |      13 |  24.5
            +---------+---------+-------+---------+---------+-------
        D:1 |      45 |       0 |   0.0 |      27 |       0 |   0.0
        D:2 |      11 |       0 |   0.0 |       6 |       0 |   0.0
        D:3 |      15 |      73 |  83.0 |       7 |      13 |  65.0
            +---------+---------+-------+---------+---------+-------
